 Dungeon Crawl Stone Soup version 0.31-a0-1277-g9d81352 (webtiles) character file.

Game seed: 15217455157566640911

9876 Dorkslayer the Spear-Bearer (level 11, -4/83 HPs)
             Began as a Merfolk Fighter on Dec 17, 2023.
             Was an Initiate of Gozag.
             Slain by rotlqkf's ghost (38 damage)
             ... on level 11 of the Dungeon.
             The game lasted 00:30:40 (10806 turns).

Dorkslayer the Spear-Bearer (Merfolk Fighter)      Turns: 10806, Time: 00:30:41

Health: -4/83      AC: 17    Str: 23    XL:     11   Next: 53%
Magic:  11/11      EV: 12    Int:  7    God:    Gozag
Gold:   1731       SH:  0    Dex: 21    Spells: 10/10 levels left

rFire   + . .        n - +4 quarterstaff (holy)
rCold   . . .        (shield currently unavailable)
rNeg    . . .        t - +2 plate armour
rPois   .            (no helmet)
rElec   .            u - +0 cloak
rCorr   .            B - +0 pair of gloves
SInv    .            (no boots)
Will    +....        z - amulet of magic regeneration Stlth
                     r - +6 ring of dexterity
HPRegen 0.33/turn    H - ring of Pride {Fly rF+ Will+ Str+3}
MPRegen 0.52/turn

%: no passive effects
@: flying, hasted (expiring), studying Translocations, very quick
A: (nimble swimmer 2), mertail
a: Renounce Religion, Potion Petition, Call Merchant, Bribe Branch


You were on level 11 of the Dungeon.
You worshipped Gozag.
Gozag was most pleased with you.
You visited 2 branches of the dungeon, and saw 12 of its levels.

You collected 2716 gold pieces.
You spent 886 gold pieces at shops.
You paid 99 gold pieces to Gozag.

Inventory:

Hand Weapons
 a - a +0 trident
 f - a +3 flail
 k - a +3 morningstar
 n - a +4 quarterstaff of holy wrath (weapon)
 p - a +2 trident of venom
Missiles
 d - 11 boomerangs
 F - 5 curare-tipped darts (quivered)
 G - 2 throwing nets
Armour
 c - a +0 buckler
 t - a +2 plate armour (worn)
 u - a +0 cloak (worn)
 B - a +0 pair of gloves (worn)
Jewellery
 b - a ring of protection from cold
 r - a +6 ring of dexterity (left hand)
 z - an amulet of magic regeneration (around neck)
 H - the ring of Pride (right hand) {Fly rF+ Will+ Str+3}
   (You found it on level 9 of the Dungeon)

   [ring of flight]

   Str+3:     It affects your strength (+3).
   rF+:       It protects you from fire.
   Will+:     It increases your willpower.
   Fly:       It grants you flight.
Wands
 i - a wand of mindburst (20)
 j - a wand of quicksilver (14)
 w - a wand of flame (48)
 y - a wand of paralysis (7)
Scrolls
 e - 4 scrolls of teleportation
 g - a scroll of blinking
 h - a scroll of fear
 m - a scroll of revelation
 x - a scroll of silence
Potions
 o - 3 potions of attraction
 q - a potion of enlightenment
 s - 2 potions of lignification
 v - 2 potions of mutation
 A - 3 potions of cancellation
 C - a potion of magic
 D - a potion of resistance
 E - 2 potions of haste
 I - 2 potions of curing
 J - a potion of brilliance {unknown}


   Skills:
 + Level 6.7 Fighting
 + Level 12.4(12.5) Polearms
 + Level 1.7(5.3) Staves
 + Level 1.8 Throwing
 + Level 6.2 Armour
 * Level 9.8 Dodging
 + Level 4.2 Stealth
 + Level 5.3 Shields
 * Level 6.3 Evocations


You had 10 spell levels left.
You didn't know any spells.
Your spell library contained the following spells:

 Spells                   Type           Power      Damage    Failure   Level
 Magic Dart               Conj           0%         1d3       100%        1
 Summon Small Mammal      Summ           0%         N/A       100%        1
 Blink                    Tloc           0%         N/A       100%        2
 Call Imp                 Summ           0%         N/A       100%        2
 Lesser Beckoning         Tloc           0%         N/A       100%        2
 Momentum Strike          Conj/Tloc      0%         3d8       100%        2
 Sublimation of Blood     Necr           0%         N/A       100%        2
 Wereblood                Tmut           0%         N/A       100%        2
 Call Canine Familiar     Summ           0%         N/A       100%        3
 Gell's Gravitas          Tloc           0%         N/A       100%        3
 Mephitic Cloud           Conj/Pois/Air  0%         N/A       100%        3
 Stone Arrow              Conj/Erth      0%         3d7       100%        3
 Summon Guardian Golem    Hex/Summ       0%         N/A       100%        3
 Teleport Other           Tloc           0%         N/A       100%        3
 Animate Armour           Summ/Erth      0%         N/A       100%        4
 Manifold Assault         Tloc           0%         N/A       100%        4
 Summon Hydra             Summ           0%         N/A       100%        7
 Lehudib's Crystal Spear  Conj/Erth      0%         10d2      100%        8


Dungeon Overview and Level Annotations

Branches:
Dungeon (11/15)            Temple (1/1) D:6            Lair (0/5) D:10
    Orc (0/2) D:11

Altars:
Ashenzari
Cheibriados
Dithmenos
Elyvilon
Fedhas
Gozag
Hepliaklqana
Kikubaaqudgha
Makhleb
Nemelex Xobeh
Okawaru
Qazlal
Ru
Sif Muna
Trog
Uskayaw
Vehumet
Wu Jian
Xom
Yredelemnul
Zin
The Shining One

Shops:
D:1 (   D:5 :   D:8 *   D:10 *

Annotations:
D:11 rotlqkf's ghost, journeyman TrMo


Innate Abilities, Weirdness & Mutations

((You are very nimble when in or above water. (Stealth+, EV+, Speed+++)))
Your lower body shifts to a powerful aquatic tail in water.


Message History

You feel much better.
You closely miss rotlqkf's ghost.
Rotlqkf's ghost is moderately damaged.
Rotlqkf's ghost barely misses you.
You hit rotlqkf's ghost.
Rotlqkf's ghost convulses.
Rotlqkf's ghost is heavily damaged.
Rotlqkf's ghost whispers, "Trust me.
Just give in."
Rotlqkf's ghost hits you!
You closely miss rotlqkf's ghost.
Rotlqkf's ghost is heavily damaged.
You barely miss rotlqkf's ghost.
Rotlqkf's ghost is heavily damaged.
Rotlqkf's ghost completely misses you.
You sock rotlqkf's ghost!
Rotlqkf's ghost convulses.
Rotlqkf's ghost is heavily damaged.
Rotlqkf's ghost hits you!!
* * * LOW HITPOINT WARNING * * *
You feel much better.
Rotlqkf's ghost attacks as it pursues you!
Rotlqkf's ghost closely misses you.
Rotlqkf's ghost says, "What's the hurry?
You'll die anyway."
Your extra speed is starting to run out.
Aiming: Mindburst
Press: ? - help, Shift-Dir - straight line, f - rotlqkf's ghost
Aim: rotlqkf's ghost (heavily damaged, chance to affect: 37%) Rotlqkf's ghost easily resists.
Aiming: Mindburst
Press: ? - help, Shift-Dir - straight line, f/p - rotlqkf's ghost
Aim: rotlqkf's ghost (heavily damaged, chance to affect: 37%) Rotlqkf's ghost's mind is blasted!
You hit rotlqkf's ghost but do no damage.
Rotlqkf's ghost is severely damaged.
Rotlqkf's ghost hits you.
You sock rotlqkf's ghost!
Rotlqkf's ghost convulses.
Rotlqkf's ghost is severely damaged.
You sock rotlqkf's ghost!
Rotlqkf's ghost convulses!
Rotlqkf's ghost is almost destroyed.
Rotlqkf's ghost hits you!!!
You die...
Your body crumbles into a pile of gold.

#....#....#.####.......#
#....#....#.#..#'#.....#
#....#....#.#....#.....#
#....#....#.#....#.....#
#....#....#.#....#......
##....#....#.#....#......
#.....#....#.#....#......
#.....#'####.######......
#.......@W............###
#....######..###......#
#....# #..# #......#
#....# #>.# #......#
###### #..# #......###
#### ###....... #.......
#....... ########


You could see rotlqkf's ghost.

Vanquished Creatures
  A centaur warrior (D:10)
  2 two-headed ogres
  Amaemon (D:10)
  Joseph (D:7)
  The ghost of magiryoung the Insei, a novice GnWn (D:5)
  An orange demon (D:10)
  A troll (D:11)
  2 hornets
  2 wyverns
  A steam dragon (D:10)
  13 yaks
  Menkaure (D:5)
  A water moccasin (D:8)
  An ice beast (D:7)
  4 orc warriors
  A sky beast (D:7)
  A black bear (D:6)
  An ogre (D:6)
  5 centaurs
  A phantom (D:6)
  5 kobold brigands
  3 bullfrogs
  3 scorpions
  9 wights
  5 killer bees (D:10)
  2 electric eels (D:4)
  A howler monkey (D:4)
  3 hounds
  An orc priest (D:8)
  2 jellies
  2 iguanas (D:7)
  12 orc wizards
  4 gnolls (D:2)
  12 adders
  A white imp (D:8)
  3 worms (D:2)
  A dart slug (D:2)
  40 orcs
  9 endoplasms
  3 giant cockroaches
  9 goblins
  3 hobgoblins (D:1)
  8 jackals
  31 kobolds
  4 quokkas
  6 ball pythons
  5 bats
  2 frilled lizards
  9 rats
240 creatures vanquished.

Notes
Turn   | Place    | Note
-------+----------+-------------------------------------------
     0 | D:1      | Dorkslayer the Merfolk Fighter began the quest for the Orb.
     0 | D:1      | Reached XP level 1. HP: 18/18 MP: 1/1
    50 | D:1      | Found Nulytus's Weapon Shoppe.
   187 | D:1      | Reached XP level 2. HP: 19/24 MP: 2/2
   189 | D:1      | Reached skill level 3 in Polearms
   705 | D:2      | Reached XP level 3. HP: 29/29 MP: 3/3
   743 | D:2      | Reached XP level 4. HP: 4/35 MP: 4/4
   976 | D:2      | Found an iron altar of Okawaru.
  1151 | D:2      | Reached skill level 4 in Polearms
  1605 | D:2      | Reached XP level 5. HP: 41/41 MP: 5/5
  2432 | D:3      | Found a shimmering blue altar of Sif Muna.
  2432 | D:3      | Found a hazy altar of Hepliaklqana.
  2722 | D:4      | Reached skill level 5 in Polearms
  2751 | D:4      | You fall into a shaft and drop 1 floor!
  2751 | D:5      | Entered Level 5 of the Dungeon
  2823 | D:4      | Found a transporter.
  2824 | D:4      | Found a transporter.
  2888 | D:4      | Reached XP level 6. HP: 42/48 MP: 6/6
  2905 | D:4      | Reached skill level 6 in Polearms
  3608 | D:4      | Reached XP level 7. HP: 14/53 MP: 7/7
  3796 | D:5      | Noticed Menkaure
  3805 | D:5      | Killed Menkaure
  3806 | D:5      | Reached skill level 7 in Polearms
  3806 | D:5      | Reached skill level 1 in Evocations
  3835 | D:5      | Noticed a hornet
  3849 | D:5      | Killed a hornet
  3850 | D:5      | Reached skill level 1 in Stealth
  3851 | D:5      | Reached XP level 8. HP: 52/60 MP: 8/8
  3852 | D:5      | Found a large runed translucent door.
  3852 | D:5      | Found a large runed translucent door.
  3856 | D:5      | Noticed magiryoung's ghost (novice GnWn)
  3906 | D:5      | Found Qyge Baq's Tiny Tomes.
  4415 | D:6      | Reached skill level 8 in Polearms
  4785 | D:6      | Reached skill level 5 in Dodging
  4868 | D:6      | Found a radiant altar of Vehumet.
  4873 | D:6      | Found a basalt altar of Yredelemnul.
  4876 | D:6      | Found a stormy altar of Qazlal.
  5139 | D:6      | Found a staircase to the Ecumenical Temple.
  5144 | Temple   | Entered the Ecumenical Temple
  5151 | Temple   | Became a worshipper of Gozag Ym Sagoz the Greedy
  5588 | D:5      | Killed magiryoung's ghost
  5589 | D:5      | Reached skill level 9 in Polearms
  5589 | D:5      | Reached XP level 9. HP: 47/67 MP: 9/9
  5771 | D:7      | Reached skill level 5 in Fighting
  5804 | D:7      | Noticed Joseph
  5817 | D:7      | Killed Joseph
  6588 | D:8      | Reached skill level 10 in Polearms
  6588 | D:8      | Reached skill level 1 in Throwing
  6588 | D:8      | Reached skill level 5 in Armour
  6591 | D:8      | Reached XP level 10. HP: 56/74 MP: 10/10
  7152 | D:8      | Found Zotuq's General Store.
  7160 | D:8      | Bought 2 scrolls of identify for 48 gold pieces
  7160 | D:8      | Bought a throwing net for 36 gold pieces
  7730 | D:9      | Reached skill level 11 in Polearms
  7730 | D:9      | Reached skill level 5 in Evocations
  7745 | D:9      | Reached skill level 5 in Shields
  8264 | D:9      | Identified the ring of Pride {Fly rF+ Will+ Str+3}
  8826 | D:10     | Entered Level 10 of the Dungeon
  8899 | D:10     | Noticed Amaemon
  8915 | D:10     | Killed Amaemon
  8915 | D:10     | Noticed an orange demon
  8916 | D:10     | Reached XP level 11. HP: 61/81 MP: 11/11
  9151 | D:10     | Reached skill level 1 in Staves
  9176 | D:10     | Found a bloodstained altar of Trog.
  9303 | D:10     | Noticed a two-headed ogre
  9313 | D:10     | Killed a two-headed ogre
  9483 | D:10     | Found Loello's Assorted Antiques.
  9483 | D:10     | Found a staircase to the Lair.
  9491 | D:10     | Bought an orange potion for 21 gold pieces
  9491 | D:10     | Bought a purple potion for 21 gold pieces
  9491 | D:10     | Bought a wand of mindburst (7) for 235 gold pieces
  9491 | D:10     | Bought a potion of heal wounds for 120 gold pieces
  9491 | D:10     | Bought a potion of mutation for 192 gold pieces
  9491 | D:10     | Bought a scroll of enchant armour for 180 gold pieces
  9491 | D:10     | Bought a wand of flame (2) for 33 gold pieces
  9659 | D:10     | Noticed a centaur warrior
  9672 | D:10     | Killed a centaur warrior
  9777 | D:10     | Found a sparkling altar of Nemelex Xobeh.
  9867 | D:10     | Reached skill level 12 in Polearms
 10258 | D:11     | Identified a scroll of acquirement
 10258 | D:11     | Acquired 1159 gold pieces
 10352 | D:11     | Found a staircase to the Orcish Mines.
 10453 | D:11     | Noticed a two-headed ogre
 10484 | D:11     | Killed a two-headed ogre
 10728 | D:11     | Found a runed translucent door.
 10729 | D:11     | Noticed rotlqkf's ghost (journeyman TrMo)
 10755 | D:11     | HP: 1/83 [rotlqkf's ghost (20)]
 10806 | D:11     | Slain by rotlqkf's ghost

Illustrated notes

Levels and vault maps discovered:
D:1:      saegor_arrival_fortress, layout_basic, serial_shops,
          nicolae_shop_bloodbath_and_beyond, serial_bayou_lagoon_a
D:2:      layout_loops_corners, basic_altar
D:3:      layout_loops_corners, gammafunk_temple_overflow_wave
D:4:      gammafunk_steamed_eel, layout_loops_ring, minmay_manual_macuahuitl
D:5:      layout_gridville, ebering_ghost_disaster_area,
          nicolae_shop_i_like_small_books_too, uniq_menkaure
D:6:      layout_loops_corners, grunt_temple_overflow_diamond,
          minmay_temple_entry_nine_rooms
D:7:      layout_basic, uniq_joseph
D:8:      layout_loops_ring, serial_shops, nicolae_lakefront_shop
D:9:      layout_stronghold
D:10:     layout_basic, nicolae_overflow_crystal_walls,
          nemelex_xobeh_ov_fountains_minmay, lair_entry_dummy, serial_shops,
          shop, minmay_misc_feat_nine_boxes, minmay_microvault, uniq_amaemon
D:11:     okawaru_arena_lexackson, layout_irregular_city, david_orc_2,
          gammafunk_ghost_grave, feat_on_display
Temple:   hellmonk_temple_of_storms

Skill      XL: |  1  2  3  4  5  6  7  8  9 10 11 |
---------------+----------------------------------+-----
Polearms       | 3 4 5 6 7 9 10 11 12 | 12.4
Dodging        | 2 3 4 5 7 9 |  9.8
Armour         | 3 4 5 6 |  6.2
Fighting       | 4 5 6 |  6.7
Evocations     | 1 3 4 5 6 |  6.3
Stealth        | 1 3 4 |  4.2
Shields        | 4 5 |  5.3
Throwing       | 1 |  1.8
Staves         | 1 |  1.7

Action                     |  1- 3 |  4- 6 |  7- 9 | 10-12 || total
---------------------------+-------+-------+-------+-------++-------
  Melee: Trident           |    89 |   226 |   237 |   328 ||   880
         Tailslap          |     3 |       |       |       ||     3
         Quarterstaff      |       |       |       |    23 ||    23
  Throw: Boomerang         |       |     3 |     8 |       ||    11
         Dart              |       |       |       |    12 ||    12
         Throwing net      |       |       |       |     1 ||     1
  Evoke: Wand              |       |     2 |     3 |     6 ||    11
    Use: Potion            |     1 |     2 |     1 |     6 ||    10
         Scroll            |     1 |     4 |    12 |     7 ||    24
   Stab: Distracted        |       |     1 |     2 |     1 ||     4
         Paralysed         |       |       |     6 |       ||     6
         Held in net/web   |       |       |       |     2 ||     2
 Armour: Scale mail        |    54 |    98 |       |       ||   152
         Plate armour      |       |    39 |   176 |   210 ||   425
  Dodge: Dodged            |    34 |    79 |    48 |   108 ||   269
  Block: Buckler           |    10 |    29 |    54 |    51 ||   144

Table legend: (Time is in decaauts)
 A = Elapsed time spent in this place.
 B = Non-inter-level travel time spent in this place.
 C = Inter-level travel time spent in this place.
 D = Time resting spent in this place.
 E = Time spent auto-exploring this place.
 F = Levels seen in this place.
 G = Mean time per level.
                   A        B        C        D        E       F      G
               +--------+--------+--------+--------+--------+-----+--------+
         Total |  10697 |  10697 |      0 |    325 |   6243 |  12 |  891.4 |
       Dungeon |  10656 |  10656 |      0 |    325 |   6221 |  11 |  968.7 |
        Temple |     41 |     41 |      0 |      0 |     22 |   1 |   41.0 |
               +--------+--------+--------+--------+--------+-----+--------+

Top non-repeatable levels by time:
     D:9: 1564 daAuts
    D:10: 1408 daAuts
     D:6: 1370 daAuts
     D:2: 1205 daAuts
     D:4: 1039 daAuts
     D:8: 863 daAuts
     D:3: 831 daAuts
     D:1: 683 daAuts
     D:7: 605 daAuts
     D:5: 569 daAuts
    D:11: 514 daAuts
  Temple: 41 daAuts
